 Dungeon Crawl Stone Soup version 0.31-a0-188-g5e087ee2ca (webtiles) character file.

Game seed: 17967207738407561284

50 qw the Shooter (level 3, 0/20 HPs)
             Began as a Deep Elf Hunter on June 23, 2023.
             Slain by a goblin
             ... wielding a +0 club
             ... led by Robin
              (6 damage)
             ... on level 2 of the Dungeon.
             The game lasted 00:00:21 (1006 turns).

qw the Shooter (Deep Elf Hunter)                    Turns: 1006, Time: 00:00:22

Health: 0/20       AC:  3    Str: 10    XL:     3   Next: 55%
Magic:  5/5        EV: 12    Int: 13    God:
Gold:   72         SH:  0    Dex: 18    Spells: 2/2 levels left

rFire   . . .        Y - +0 shortbow
rCold   . . .        (shield currently unavailable)
rNeg    . . .        c - +0 leather armour
rPois   .            (no helmet)
rElec   .            (no cloak)
rCorr   .            (no gloves)
SInv    .            (no boots)
Will    .....        (no amulet)
Stlth   ++           (no ring)
HPRegen 0.23/turn    (no ring)
MPRegen 0.09/turn

%: no passive effects
@: no status effects
A: no striking features
a: no special abilities


You were on level 2 of the Dungeon.
You visited 1 branch of the dungeon, and saw 2 of its levels.

You collected 72 gold pieces.


   Skills:
 - Level 1.5 Fighting
 + Level 7.1 Ranged Weapons
 - Level 2.4 Dodging
 - Level 1.2 Stealth


You had 2 spell levels left.
You didn't know any spells.
Your spell library was empty.

Inventory:

Hand Weapons
 Y - a +0 shortbow (weapon)
Armour
 c - a +0 leather armour (worn)
Scrolls
 a - a scroll of teleportation {unknown}
Potions
 e - a potion of haste {unknown}
 g - a potion of mutation {unknown}
 h - a potion of might

Dungeon Overview and Level Annotations

Branches:
Dungeon (2/15)

Altars:

Annotations:
D:2 Robin


Message History

You hear a shout!
A goblin comes into view. It is wielding a +0 dagger.
A hobgoblin comes into view.
Robin of the Strong Arm comes into view.
They are wielding a +0 spear.
The hobgoblin moves out of view.
You shoot an arrow. The goblin shouts!
The arrow hits the goblin!
You kill the goblin!
The goblin shoots a sling bullet.
The sling bullet closely misses you.
Robin roars a battlecry!
The goblins go into a battle-frenzy!
A goblin comes into view. It is wielding a +0 dagger.
You shoot an arrow. The goblin shouts!
The hobgoblin shouts!
The arrow hits the goblin.
You kill the goblin!
The goblin shoots a sling bullet.
The sling bullet hits you.
A hobgoblin comes into view.
You shoot an arrow. The arrow closely misses the goblin.
The arrow hits the goblin!
You kill the goblin!
You shoot an arrow. The arrow hits the goblin.
The goblin is heavily wounded.
The goblin barely misses you. Robin throws the goblin at you!
You shoot an arrow. The arrow barely misses the goblin.
The goblin misses you. x2
You shoot an arrow. The arrow closely misses the goblin.
The goblin misses you. The goblin hits you with a +0 dagger.
You shoot an arrow. The arrow misses the goblin.
The goblin closely misses you. The goblin misses you.
The hobgoblin closely misses you. The goblin barely misses you.
The goblin completely misses you.
You shoot an arrow.
The arrow hits the goblin but does no damage.
The goblin is heavily wounded.
The goblin misses you. The goblin closely misses you.
The hobgoblin barely misses you.
The goblin hits you with a +0 dagger. x2
The goblin hits you with a +0 club.
You die...

..#......... #....
...##.#.#####... ...)
... #)#.######.. ...
...##...)....... #).
...#............ #.)
.#.##...###.....
#..#g#.#.....##.#.#.
#.ggg#.......#...<..
#.g@##.......##.#.#.
#.g.............#.#.
###.......###.#####.#.
.........#.# #.....#.#.
...#.#.#....#######.#.#
.#
#.#.#..###.....#.#.##
................#....#
#.##.#......#######...
#.....#######.###.#


You could see 2 hobgoblins and 4 goblins.

Vanquished Creatures
  An adder (D:2)
  A worm (D:2)
  5 endoplasms
  2 giant cockroaches (D:1)
  9 goblins
  A hobgoblin (D:1)
  3 jackals (D:1)
  4 kobolds (D:1)
  A quokka (D:2)
  A ball python (D:1)
  A bat (D:1)
  A frilled lizard (D:1)
  3 rats (D:1)
33 creatures vanquished.

Notes
Turn   | Place    | Note
-------+----------+-------------------------------------------
     0 | D:1      | qw the Deep Elf Hunter began the quest for the Orb.
     0 | D:1      | Reached XP level 1. HP: 12/12 MP: 3/3
     0 | D:1      | 0 ||| qw: Version: 0.3-a-9-g12657ce
     0 | D:1      | 0 ||| qw: Game counter: 4254
     0 | D:1      | 0 ||| qw: Always use a shield: true
     0 | D:1      | 0 ||| qw: God list: Okawaru
     0 | D:1      | 0 ||| qw: Allow faded altars: false
     0 | D:1      | 0 ||| qw: Do Orc after D:15 true
     0 | D:1      | 0 ||| qw: Do second Lair branch before Depths: true
     0 | D:1      | 0 ||| qw: Lair rune preference: random
     0 | D:1      | 0 ||| qw: Plans: Normal
     0 | D:1      | 0 ||| PLANNING D:1-11
   319 | D:1      | Reached skill level 6 in Ranged Weapons
   319 | D:1      | Reached XP level 2. HP: 15/16 MP: 4/4
   491 | D:1      | Found a faded altar of an unknown god.
   824 | D:1      | 824 ||| READING scroll labelled RIASECIGORR.
   825 | D:1      | 825 ||| READING scroll labelled ROEH NO LYGH.
   826 | D:1      | 826 ||| DRINKING 2 brown potions.
   827 | D:1      | 827 ||| DROPPING scroll of butterflies.
   926 | D:2      | Reached XP level 3. HP: 20/20 MP: 5/5
   982 | D:2      | Reached skill level 7 in Ranged Weapons
   998 | D:2      | Noticed Robin
  1006 | D:2      | Slain by a goblin

Levels and vault maps discovered:
D:1:      minmay_arrival_widening_spiral_narrow, layout_basic,
          chequers_ecumenical_altar_simple
D:2:      layout_basic, uniq_robin, uniq_natasha

Skill      XL: |  1  2  3 |
---------------+----------+-----
Ranged Weapons | 6 7 |  7.1
Fighting       | |  1.5
Dodging        | |  2.4
Stealth        | |  1.2

Action                     || total
---------------------------++-------
   Fire: Shortbow          ||    90
    Use: Scroll            ||     2
         Potion            ||     1
 Armour: Leather armour    ||     8
  Dodge: Dodged            ||    28

Table legend:
 A = Non-vault XP
 B = Vault XP
 C = Vault XP percentage of total XP
 D = Non-vault monster count
 E = Vault monster count
 F = Vault count percentage of total count
                 A         B        C        D         E       F
            +---------+---------+-------+---------+---------+-------
      Total |      62 |      10 |  13.9 |      28 |       5 |  15.2
            +---------+---------+-------+---------+---------+-------
        D:1 |      36 |       0 |   0.0 |      22 |       0 |   0.0
        D:2 |      26 |      10 |  27.8 |       6 |       5 |  45.5
            +---------+---------+-------+---------+---------+-------
